 Dungeon Crawl Stone Soup version 0.28-a0-850-g09de17f5b5 (webtiles) character file.

Game seed: 14691697627809807973

4 croobank the Sneak (level 1, 0/18 HPs)
             Began as a Demonspawn Delver on Nov 13, 2021.
             Slain by an orc (1 damage)
             ... on level 3 of the Dungeon.
             The game lasted 00:02:39 (148 turns).

croobank the Sneak (Demonspawn Delver)               Turns: 148, Time: 00:02:41

Health: 0/18       AC:  3    Str: 12    XL:     1   Next: 58%
Magic:  1/1        EV: 11    Int: 11    God:
Gold:   13         SH:  0    Dex: 14    Spells: 0/0 levels left

rFire   . . .      SeeInvis .   a - +0 hand axe
rCold   . . .      Faith    .   (no shield)
rNeg    . . .      Spirit   .   b - +0 leather armour
rPois   .          Reflect  .   (no helmet)
rElec   .          Harm     .   (no cloak)
rCorr   .          Rampage  .   (no gloves)
Will    .....                   (no boots)
Stlth   +++.......              (no amulet)
HPRegen 0.06/turn               (no ring)
MPRegen 0.07/turn               (no ring)

@: hasted, very quick
A: no striking features
a: no special abilities


You were on level 3 of the Dungeon.
You visited 1 branch of the dungeon, and saw 3 of its levels.

You collected 13 gold pieces.

Inventory:

Hand Weapons
 a - a +0 hand axe (weapon)
Armour
 b - a +0 leather armour (worn)
Jewellery
 e - a ring of protection from fire
Wands
 g - a wand of digging (2)
Scrolls
 d - a scroll of magic mapping


   Skills:
 + Level 3.0 Fighting
 + Level 1.7 Axes
 + Level 1.7 Dodging
 + Level 4.7 Stealth


You couldn't memorise any spells.
You didn't know any spells.
Your spell library was empty.

Dungeon Overview and Level Annotations

Branches:
Dungeon (5/15)
 Temple: D:4-7

Altars:


Message History

You hit the jackal.
You kill the jackal!
You closely miss the jackal. The jackal misses you.
You barely miss the ball python.
The ball python is severely wounded.
You closely miss the jackal. You barely miss the orc.
The ball python bites you but does no damage.
The ball python grabs you. The ball python constricts you.
The orc closely misses you. The jackal bites you.
You hit the jackal but do no damage. You hit the orc but do no damage.
You hit the ball python.
You kill the ball python!
The jackal closely misses you. The orc hits you with a +0 mace.
You barely miss the jackal. You hit the orc but do no damage.
You hit the jackal but do no damage. The jackal closely misses you.
The jackal barely misses you. The jackal bites you.
You hit the jackal.
The jackal is lightly wounded.
You hit the jackal. You barely miss the orc. You hit the orc.
The orc barely misses you.
The jackal bites you but does no damage.
The orc hits you with a +0 club. The jackal barely misses you.
You closely miss the jackal.
The jackal is lightly wounded.
You hit the orc but do no damage. You barely miss the orc.
You hit the jackal but do no damage. The jackal closely misses you.
The orc closely misses you. The jackal bites you.
* * * LOW HITPOINT WARNING * * *
As you read the scroll of fog, it crumbles to dust.
The scroll dissolves into smoke.
The jackal closely misses you. The jackal bites you.
* * * LOW HITPOINT WARNING * * *
The orc closely misses you.
You hit the jackal.
You kill the jackal!
You barely miss the orc.
You closely miss the orc. x2; You hit the jackal.
The orc hits you but does no damage. The jackal bites you.
* * * LOW HITPOINT WARNING * * *
The orc hits you with a +0 mace.
You die...

####.## .......
##.## .......
####.##.......
#####.....#.......
...............$..
.........#.......
####§o§..##.#####
#§ho..# ## #@o§..#
#oo§..# #######


You could see 5 orcs and a jackal.

Vanquished Creatures
  A bat (D:3)
  A hobgoblin (D:3)
  2 jackals (D:3)
  A ball python (D:3)
5 creatures vanquished.

Notes
Turn   | Place    | Note
-------+----------+-------------------------------------------
     0 | D:5      | croobank the Demonspawn Delver began the quest for the Orb.
     0 | D:5      | Reached XP level 1. HP: 18/18 MP: 1/1
   148 | D:3      | Slain by an orc

Illustrated notes

Levels and vault maps discovered:
D:3:      layout_rooms, gammafunk_temple_overflow_elements, minmay_distorted,
          uniq_ijyb
D:4:      layout_rooms
D:5:      layout_basic, serial_shops, shop_fountains, nicolae_underground_beach

Action                   || total
-------------------------++-------
Melee: Hand axe          ||    16
Evoke: Wand              ||     1
  Use: Scroll            ||     2
       Potion            ||     2
Armor: Leather armour    ||     7
Dodge: Dodged            ||    26

Table legend: (Time is in decaauts)
 A = Elapsed time spent in this place.
 B = Non-inter-level travel time spent in this place.
 C = Inter-level travel time spent in this place.
 D = Time resting spent in this place.
 E = Time spent auto-exploring this place.
 F = Levels seen in this place.
 G = Mean time per level.
                   A        B        C        D        E       F      G
               +--------+--------+--------+--------+--------+-----+--------+
         Total |    138 |    138 |      0 |      0 |     44 |   3 |   46.0 |
       Dungeon |    138 |    138 |      0 |      0 |     44 |   3 |   46.0 |
               +--------+--------+--------+--------+--------+-----+--------+

Top non-repeatable levels by time:
     D:3: 110 daAuts
     D:5: 23 daAuts
     D:4: 4 daAuts
